 Dungeon Crawl Stone Soup version 0.28-a0-1567-g1695149f81 (webtiles) character file.

Game seed: 16989469864992549584

21 comborobin the Ruffian (level 2, -1/29 HPs)
             Began as a Troll Cinder Acolyte on Jan 20, 2022.
             Was a High Priest of Ignis.
             Slain by Ijyb (7 damage)
             ... on level 3 of the Dungeon.
             The game lasted 00:00:34 (558 turns).

comborobin the Ruffian (Troll Cinder Acolyte)        Turns: 558, Time: 00:00:35

Health: -1/29      AC:  4    Str: 21    XL:     2   Next: 65%
Magic:  2/2        EV:  9    Int: 10    God:    Ignis [*****.]
Gold:   41         SH:  0    Dex:  5    Spells: 3/3 levels left

rFire   + . .      SeeInvis .     - Unarmed
rCold   . . .      Faith    .   (no shield)
rNeg    . . .      Spirit   .   a - +0 robe
rPois   .          Reflect  .   (helmet restricted)
rElec   .          Harm     .   (no cloak)
rCorr   .          Rampage  .   (gloves unavailable)
Will    .....                   (boots unavailable)
Stlth   +.........              (no amulet)
HPRegen 0.89/turn               (no ring)
MPRegen 0.08/turn               (no ring)

@: no status effects
A: large, unfitting armour, claws 3, regeneration 1, shaggy fur 1, tough skin 1
a: Renounce Religion, Fiery Armour, Foxfire Swarm, Rising Flame


You were on level 3 of the Dungeon.
You worshipped Ignis.
Ignis was extremely pleased with you.
You visited 1 branch of the dungeon, and saw 3 of its levels.

You collected 41 gold pieces.

Inventory:

Missiles
 b - 5 poisoned darts (quivered)
Armour
 a - a +0 robe (worn)
Scrolls
 d - a scroll of blinking {unknown}
 e - a scroll of immolation {unknown}
Potions
 c - a potion of heal wounds {unknown}


   Skills:
 - Level 2.4 Fighting
 + Level 4.0 Unarmed Combat
 - Level 1.0 Spellcasting
 - Level 2.1 Fire Magic


You had 3 spell levels left.
You didn't know any spells.
Your spell library contained the following spells:

 Spells                   Type           Power      Damage    Failure   Level
 Scorch                   Fire           8%         2d5       22%         2


Dungeon Overview and Level Annotations

Branches:
Dungeon (3/15)

Altars:
Sif Muna

Annotations:
D:3 Ijyb


Innate Abilities, Weirdness & Mutations

You are too large for most types of armour.
You have claws for hands.
Your natural rate of healing is unusually fast.
You are covered in fur. (AC +1)
You have tough skin. (AC +1)


Message History

Ijyb is nearby!
Ijyb closely misses you.
You completely miss Ijyb. Ijyb barely misses you.
You scratch Ijyb but do no damage. Ijyb barely misses you.
You barely miss Ijyb. You scratch Ijyb.
Ijyb is lightly wounded.
Ijyb hits you with a +0 club.
You barely miss Ijyb. Your claw misses Ijyb.
Ijyb is lightly wounded.
Ijyb hits you with a +0 club.
You barely miss Ijyb.
Ijyb is lightly wounded.
A bat comes into view.
Ijyb hits you with a +0 club.
The bat moves out of view.
You barely miss Ijyb.
Ijyb is lightly wounded.
Ijyb closely misses you.
You scratch Ijyb.
Ijyb is moderately wounded.
Ijyb hits you with a +0 club.
You scratch Ijyb but do no damage.
Ijyb is moderately wounded.
Ijyb hits you with a +0 club.
You closely miss Ijyb.
Ijyb is moderately wounded.
Ijyb hits you with a +0 club.
You closely miss Ijyb.
Ijyb is moderately wounded.
Ijyb hits you with a +0 club.
You barely miss Ijyb.
Ijyb is moderately wounded.
Ijyb hits you with a +0 club.
* * * LOW HITPOINT WARNING * * *
You closely miss Ijyb.
Ijyb is moderately wounded.
You barely miss Ijyb.
Ijyb is moderately wounded.
Ijyb hits you with a +0 club!
You die...

... ... . .. ..
.. ..### .# ..
... b#
#..###.##g######
........@.......
........########
########.#
........<#
###...#.##
#.#.... # ###.##
..# ###


You could see Ijyb and a bat.

Vanquished Creatures
  2 endoplasms
  5 hobgoblins
  2 quokkas
  2 ball pythons
  2 bats (D:1)
  A frilled lizard (D:1)
  2 kobolds (D:1)
  4 rats
20 creatures vanquished.

Notes
Turn   | Place    | Note
-------+----------+-------------------------------------------
     0 | D:1      | comborobin the Troll Cinder Acolyte began the quest for the
                  | Orb.
     0 | D:1      | Reached XP level 1. HP: 22/22 MP: 1/1
   183 | D:1      | Reached XP level 2. HP: 29/29 MP: 2/2
   458 | D:2      | Found a shimmering blue altar of Sif Muna.
   516 | D:2      | Reached skill level 4 in Unarmed Combat
   541 | D:3      | Noticed Ijyb
   558 | D:3      | Slain by Ijyb

Illustrated notes

Levels and vault maps discovered:
D:1:      dpeg_arrival_oval, layout_loops_ring, hangedman_decor_growths,
          nrook_loot_triangle, dk_noncrumbling_3, st_stairs_7
D:2:      layout_basic, serial_shops, nicolae_shop_crystal, basic_altar,
          uniq_robin, uniq_terence, uniq_crazy_yiuf_cottage
D:3:      layout_basic, minmay_fractal_squares_diagonal_5, uniq_grinder,
          uniq_ijyb, uniq_jessica

Skill      XL: |  1  2 |
---------------+-------+-----
Unarmed Combat | 4 |  4.0
Fighting       | |  2.4
Spellcasting   | |  1.0
Fire Magic     | |  2.1

Action                   || total
-------------------------++-------
Melee: Unarmed           ||    53
       Punch             ||     1
Armor: Robe              ||     9
Dodge: Dodged            ||    22

Table legend: (Time is in decaauts)
 A = Elapsed time spent in this place.
 B = Non-inter-level travel time spent in this place.
 C = Inter-level travel time spent in this place.
 D = Time resting spent in this place.
 E = Time spent auto-exploring this place.
 F = Levels seen in this place.
 G = Mean time per level.
                   A        B        C        D        E       F      G
               +--------+--------+--------+--------+--------+-----+--------+
         Total |    553 |    507 |     46 |      0 |    361 |   3 |  184.3 |
       Dungeon |    553 |    507 |     46 |      0 |    361 |   3 |  184.3 |
               +--------+--------+--------+--------+--------+-----+--------+

Top non-repeatable levels by time:
     D:1: 415 daAuts
     D:2: 121 daAuts
     D:3: 16 daAuts
